Unix NetHack Version 3.7.0-62 Work-in-progress - last build Sep 11 2022 12:50:24 (50a4e0875b74f16bdbec0d79e29a59bb940978ed,branch:master).

Game began 2022-09-11 15:52:06, ended 2022-09-12 19:24:58.

rustyspoon, chaotic female elven Wizard

  
unexplored area
unexplored area
unexplored area
unexplored area
unexplored area
unexplored area
unexplored area
unexplored area
unexplored area
unexplored area
unexplored area
unexplored area
unexplored area
unexplored area
unexplored area
unexplored area
unexplored area
unexplored area
unexplored area
unexplored area
unexplored area
unexplored area
unexplored area
unexplored area
unexplored area
unexplored area
unexplored area
unexplored area
unexplored area
unexplored area
unexplored area
unexplored area
unexplored area
unexplored area
unexplored area
unexplored area
unexplored area
unexplored area
unexplored area
unexplored area
unexplored area
unexplored area
unexplored area
unexplored area
unexplored area
unexplored area
unexplored area
unexplored area
unexplored area
unexplored area
unexplored area
unexplored area
unexplored area
unexplored area
unexplored area
unexplored area
unexplored area
unexplored area
unexplored area
unexplored area
unexplored area
unexplored area
unexplored area
unexplored area
unexplored area
unexplored area
unexplored area
unexplored area
unexplored area
unexplored area
unexplored area
unexplored area
unexplored area
unexplored area
unexplored area
unexplored area
unexplored area
unexplored area
unexplored area
unexplored area
unexplored area
unexplored area
unexplored area
unexplored area
unexplored area
unexplored area
unexplored area
unexplored area
unexplored area
unexplored area
unexplored area
unexplored area
unexplored area
unexplored area
unexplored area
unexplored area
unexplored area
unexplored area
unexplored area
unexplored area
unexplored area
unexplored area
unexplored area
unexplored area
unexplored area
unexplored area
unexplored area
unexplored area
unexplored area
unexplored area
unexplored area
unexplored area
unexplored area
unexplored area
unexplored area
unexplored area
unexplored area
unexplored area
unexplored area
unexplored area
unexplored area
unexplored area
unexplored area
unexplored area
unexplored area
unexplored area
unexplored area
unexplored area
unexplored area
unexplored area
unexplored area
unexplored area
unexplored area
unexplored area
unexplored area
unexplored area
unexplored area
unexplored area
unexplored area
unexplored area
unexplored area
unexplored area
unexplored area
unexplored area
unexplored area
unexplored area
unexplored area
unexplored area
unexplored area
unexplored area
unexplored area
unexplored area
unexplored area
unexplored area
unexplored area
unexplored area
unexplored area
unexplored area
unexplored area
unexplored area
unexplored area
unexplored area
unexplored area
unexplored area
unexplored area
unexplored area
unexplored area
unexplored area
unexplored area
unexplored area
unexplored area
unexplored area
unexplored area
unexplored area
unexplored area
unexplored area
unexplored area
unexplored area
unexplored area
unexplored area
unexplored area
unexplored area
unexplored area
unexplored area
unexplored area
unexplored area
unexplored area
unexplored area
unexplored area
unexplored area
unexplored area
unexplored area
unexplored area
unexplored area
unexplored area
unexplored area
unexplored area
unexplored area
unexplored area
unexplored area
unexplored area
unexplored area
unexplored area
unexplored area
unexplored area
unexplored area
unexplored area
unexplored area
unexplored area
unexplored area
unexplored area
unexplored area
unexplored area
unexplored area
unexplored area
unexplored area
unexplored area
unexplored area
unexplored area
unexplored area
unexplored area
unexplored area
unexplored area
unexplored area
unexplored area
unexplored area
unexplored area
unexplored area
unexplored area
unexplored area
unexplored area
unexplored area
unexplored area
unexplored area
unexplored area
unexplored area
unexplored area
unexplored area
unexplored area
unexplored area
unexplored area
unexplored area
unexplored area
unexplored area
unexplored area
unexplored area
unexplored area
unexplored area
unexplored area
unexplored area
unexplored area
unexplored area
unexplored area
unexplored area
unexplored area
unexplored area
unexplored area
unexplored area
unexplored area
unexplored area
unexplored area
unexplored area
unexplored area
unexplored area
unexplored area
unexplored area
unexplored area
unexplored area
unexplored area
unexplored area
unexplored area
unexplored area
wall
wall
wall
wall
wall
wall
wall
wall
wall
unexplored area
unexplored area
unexplored area
unexplored area
unexplored area
unexplored area
unexplored area
unexplored area
unexplored area
unexplored area
unexplored area
unexplored area
unexplored area
unexplored area
unexplored area
unexplored area
unexplored area
unexplored area
unexplored area
unexplored area
unexplored area
unexplored area
unexplored area
unexplored area
unexplored area
unexplored area
unexplored area
unexplored area
unexplored area
unexplored area
unexplored area
unexplored area
unexplored area
unexplored area
unexplored area
unexplored area
unexplored area
unexplored area
unexplored area
unexplored area
unexplored area
unexplored area
unexplored area
unexplored area
unexplored area
unexplored area
unexplored area
unexplored area
unexplored area
unexplored area
unexplored area
unexplored area
unexplored area
unexplored area
unexplored area
unexplored area
unexplored area
unexplored area
unexplored area
unexplored area
unexplored area
unexplored area
unexplored area
unexplored area
unexplored area
unexplored area
unexplored area
unexplored area
unexplored area
unexplored area
wall
.dark part of a room
.dark part of a room
.dark part of a room
.dark part of a room
.dark part of a room
.dark part of a room
.dark part of a room
wall
unexplored area
unexplored area
unexplored area
unexplored area
unexplored area
unexplored area
unexplored area
unexplored area
unexplored area
unexplored area
unexplored area
unexplored area
unexplored area
unexplored area
unexplored area
unexplored area
unexplored area
unexplored area
unexplored area
unexplored area
unexplored area
unexplored area
unexplored area
unexplored area
unexplored area
unexplored area
unexplored area
unexplored area
unexplored area
unexplored area
unexplored area
unexplored area
unexplored area
unexplored area
unexplored area
unexplored area
unexplored area
unexplored area
unexplored area
unexplored area
unexplored area
unexplored area
unexplored area
unexplored area
unexplored area
unexplored area
wall
wall
wall
wall
wall
wall
unexplored area
unexplored area
unexplored area
unexplored area
unexplored area
unexplored area
unexplored area
unexplored area
unexplored area
unexplored area
unexplored area
unexplored area
unexplored area
unexplored area
unexplored area
unexplored area
unexplored area
unexplored area
wall
.dark part of a room
.dark part of a room
.dark part of a room
.dark part of a room
.dark part of a room
.dark part of a room
.dark part of a room
wall
unexplored area
unexplored area
unexplored area
unexplored area
unexplored area
unexplored area
unexplored area
unexplored area
unexplored area
unexplored area
unexplored area
unexplored area
unexplored area
unexplored area
unexplored area
unexplored area
unexplored area
unexplored area
unexplored area
unexplored area
unexplored area
unexplored area
unexplored area
unexplored area
unexplored area
unexplored area
unexplored area
unexplored area
unexplored area
unexplored area
unexplored area
unexplored area
unexplored area
unexplored area
unexplored area
unexplored area
unexplored area
unexplored area
unexplored area
unexplored area
unexplored area
unexplored area
unexplored area
unexplored area
unexplored area
4unknown creature causing you alarm
unexplored area
.dark part of a room
.dark part of a room
.dark part of a room
.dark part of a room
wall
unexplored area
unexplored area
unexplored area
unexplored area
unexplored area
unexplored area
unexplored area
unexplored area
unexplored area
unexplored area
unexplored area
unexplored area
unexplored area
unexplored area
unexplored area
unexplored area
unexplored area
unexplored area
wall
.dark part of a room
.dark part of a room
.dark part of a room
_aligned high altar
.dark part of a room
.dark part of a room
.dark part of a room
wall
unexplored area
unexplored area
unexplored area
unexplored area
unexplored area
unexplored area
unexplored area
unexplored area
unexplored area
unexplored area
unexplored area
unexplored area
unexplored area
unexplored area
unexplored area
unexplored area
unexplored area
unexplored area
unexplored area
unexplored area
unexplored area
unexplored area
unexplored area
unexplored area
unexplored area
unexplored area
unexplored area
unexplored area
unexplored area
unexplored area
unexplored area
unexplored area
unexplored area
unexplored area
unexplored area
unexplored area
unexplored area
unexplored area
5unknown creature causing you dread
5unknown creature causing you dread
wall
wall
wall
wall
wall
wall
wall
wall
wall
.dark part of a room
.dark part of a room
wall
wall
unexplored area
unexplored area
unexplored area
unexplored area
wall
wall
wall
wall
wall
unexplored area
unexplored area
unexplored area
unexplored area
unexplored area
unexplored area
unexplored area
unexplored area
wall
.dark part of a room
.dark part of a room
.dark part of a room
.dark part of a room
.dark part of a room
.dark part of a room
.dark part of a room
wall
unexplored area
unexplored area
unexplored area
unexplored area
unexplored area
unexplored area
unexplored area
unexplored area
unexplored area
unexplored area
unexplored area
unexplored area
unexplored area
unexplored area
unexplored area
unexplored area
unexplored area
unexplored area
unexplored area
unexplored area
unexplored area
unexplored area
unexplored area
unexplored area
unexplored area
unexplored area
unexplored area
unexplored area
unexplored area
unexplored area
unexplored area
unexplored area
unexplored area
unexplored area
unexplored area
unexplored area
unexplored area
unexplored area
unexplored area
unexplored area
wall
.floor of a room
.floor of a room
.floor of a room
.floor of a room
.floor of a room
.floor of a room
.floor of a room
wall
.dark part of a room
4unknown creature causing you alarm
.dark part of a room
wall
wall
unexplored area
wall
wall
.dark part of a room
.dark part of a room
.dark part of a room
%a giant ant corpse
.dark part of a room
unexplored area
unexplored area
unexplored area
unexplored area
unexplored area
wall
unexplored area
unexplored area
wall
.dark part of a room
.dark part of a room
.dark part of a room
.dark part of a room
.dark part of a room
.dark part of a room
.dark part of a room
wall
unexplored area
unexplored area
wall
unexplored area
unexplored area
unexplored area
unexplored area
unexplored area
unexplored area
unexplored area
unexplored area
unexplored area
unexplored area
unexplored area
unexplored area
unexplored area
unexplored area
unexplored area
unexplored area
unexplored area
unexplored area
unexplored area
unexplored area
unexplored area
unexplored area
unexplored area
unexplored area
unexplored area
unexplored area
unexplored area
unexplored area
unexplored area
unexplored area
unexplored area
unexplored area
unexplored area
unexplored area
unexplored area
unexplored area
unexplored area
wall
.floor of a room
.floor of a room
.floor of a room
.floor of a room
.floor of a room
.floor of a room
.floor of a room
wall
.dark part of a room
.dark part of a room
%a giant beetle corpse
.dark part of a room
wall
wall
wall
.dark part of a room
.dark part of a room
.dark part of a room
.dark part of a room
.dark part of a room
.dark part of a room
unexplored area
unexplored area
unexplored area
unexplored area
unexplored area
wall
.dark part of a room
unexplored area
wall
wall
wall
wall
.doorway
wall
wall
wall
wall
unexplored area
.dark part of a room
wall
unexplored area
unexplored area
unexplored area
unexplored area
unexplored area
unexplored area
unexplored area
unexplored area
unexplored area
unexplored area
unexplored area
unexplored area
unexplored area
unexplored area
unexplored area
unexplored area
unexplored area
unexplored area
unexplored area
unexplored area
unexplored area
unexplored area
unexplored area
unexplored area
unexplored area
unexplored area
unexplored area
unexplored area
unexplored area
unexplored area
unexplored area
unexplored area
unexplored area
unexplored area
unexplored area
unexplored area
5unknown creature causing you dread
wall
.floor of a room
.floor of a room
.floor of a room
@invisible elven wizard called rustyspoon
@peaceful high priest of Anhur
.floor of a room
.floor of a room
-open door
AAngel of Moloch
.floor of a room
.floor of a room
.floor of a room
.floor of a room
AAngel of Thoth
@priestess of Ptah
.dark part of a room
@priest of Moloch
.dark part of a room
.dark part of a room
.dark part of a room
.dark part of a room
.dark part of a room
unexplored area
unexplored area
unexplored area
unexplored area
wall
.dark part of a room
.dark part of a room
.dark part of a room
.dark part of a room
.dark part of a room
.dark part of a room
.dark part of a room
.dark part of a room
.dark part of a room
.dark part of a room
.dark part of a room
.dark part of a room
.dark part of a room
wall
unexplored area
unexplored area
unexplored area
unexplored area
unexplored area
unexplored area
unexplored area
unexplored area
unexplored area
unexplored area
unexplored area
unexplored area
unexplored area
unexplored area
unexplored area
unexplored area
unexplored area
unexplored area
unexplored area
unexplored area
unexplored area
unexplored area
unexplored area
unexplored area
unexplored area
unexplored area
unexplored area
unexplored area
unexplored area
unexplored area
unexplored area
unexplored area
unexplored area
unexplored area
unexplored area
unexplored area
unexplored area
wall
.floor of a room
.floor of a room
.floor of a room
.floor of a room
.floor of a room
.floor of a room
AAngel of Thoth
wall
.dark part of a room
.dark part of a room
.dark part of a room
.dark part of a room
wall
wall
wall
.dark part of a room
unexplored area
unexplored area
.dark part of a room
.dark part of a room
.dark part of a room
.dark part of a room
unexplored area
unexplored area
unexplored area
unexplored area
wall
wall
wall
.dark part of a room
.dark part of a room
.dark part of a room
.dark part of a room
.dark part of a room
.dark part of a room
.dark part of a room
.dark part of a room
.dark part of a room
wall
wall
wall
unexplored area
unexplored area
unexplored area
unexplored area
unexplored area
unexplored area
unexplored area
unexplored area
unexplored area
unexplored area
unexplored area
unexplored area
unexplored area
unexplored area
unexplored area
unexplored area
unexplored area
unexplored area
unexplored area
unexplored area
unexplored area
unexplored area
unexplored area
unexplored area
unexplored area
unexplored area
unexplored area
unexplored area
unexplored area
unexplored area
unexplored area
unexplored area
unexplored area
unexplored area
unexplored area
unexplored area
5unknown creature causing you dread
wall
AAngel of Ptah
.floor of a room
.floor of a room
@peaceful priest of Anhur
.floor of a room
.floor of a room
Arenegade Angel of Anhur
wall
4unknown creature causing you alarm
.dark part of a room
.dark part of a room
wall
wall
unexplored area
unexplored area
unexplored area
unexplored area
unexplored area
.dark part of a room
.dark part of a room
.dark part of a room
.dark part of a room
unexplored area
unexplored area
unexplored area
unexplored area
unexplored area
unexplored area
wall
wall
wall
wall
wall
.broken door
wall
wall
wall
wall
wall
unexplored area
unexplored area
unexplored area
unexplored area
unexplored area
unexplored area
unexplored area
unexplored area
unexplored area
unexplored area
unexplored area
unexplored area
unexplored area
unexplored area
unexplored area
unexplored area
unexplored area
unexplored area
unexplored area
unexplored area
unexplored area
unexplored area
unexplored area
unexplored area
unexplored area
unexplored area
unexplored area
unexplored area
unexplored area
unexplored area
unexplored area
unexplored area
unexplored area
unexplored area
unexplored area
unexplored area
unexplored area
unexplored area
unexplored area
wall
wall
wall
wall
wall
wall
wall
wall
wall
4unknown creature causing you alarm
.dark part of a room
wall
wall
unexplored area
unexplored area
unexplored area
unexplored area
unexplored area
unexplored area
wall
|open door
wall
unexplored area
unexplored area
unexplored area
unexplored area
unexplored area
unexplored area
unexplored area
unexplored area
unexplored area
unexplored area
.dark part of a room
.dark part of a room
.dark part of a room
.dark part of a room
unexplored area
unexplored area
unexplored area
unexplored area
unexplored area
unexplored area
unexplored area
unexplored area
unexplored area
unexplored area
unexplored area
unexplored area
unexplored area
unexplored area
unexplored area
unexplored area
unexplored area
unexplored area
unexplored area
unexplored area
unexplored area
unexplored area
unexplored area
unexplored area
unexplored area
unexplored area
unexplored area
unexplored area
unexplored area
unexplored area
unexplored area
unexplored area
unexplored area
unexplored area
unexplored area
unexplored area
unexplored area
unexplored area
unexplored area
unexplored area
unexplored area
unexplored area
unexplored area
unexplored area
unexplored area
unexplored area
unexplored area
unexplored area
unexplored area
unexplored area
unexplored area
.dark part of a room
.dark part of a room
.dark part of a room
wall
unexplored area
wall
wall
wall
wall
wall
wall
.dark part of a room
.dark part of a room
.dark part of a room
wall
wall
wall
wall
wall
wall
unexplored area
unexplored area
unexplored area
.dark part of a room
.dark part of a room
.dark part of a room
.dark part of a room
.dark part of a room
unexplored area
unexplored area
unexplored area
unexplored area
unexplored area
unexplored area
unexplored area
unexplored area
unexplored area
unexplored area
unexplored area
unexplored area
unexplored area
unexplored area
unexplored area
unexplored area
unexplored area
unexplored area
unexplored area
unexplored area
unexplored area
unexplored area
unexplored area
unexplored area
unexplored area
unexplored area
unexplored area
unexplored area
unexplored area
unexplored area
unexplored area
unexplored area
unexplored area
unexplored area
unexplored area
unexplored area
unexplored area
unexplored area
unexplored area
unexplored area
unexplored area
unexplored area
unexplored area
unexplored area
unexplored area
unexplored area
unexplored area
unexplored area
unexplored area
unexplored area
wall
wall
wall
wall
wall
unexplored area
wall
.dark part of a room
.dark part of a room
.dark part of a room
.dark part of a room
%a fire giant corpse
%Pestilence's corpse
.dark part of a room
.dark part of a room
.dark part of a room
.dark part of a room
.dark part of a room
.dark part of a room
.dark part of a room
.dark part of a room
wall
unexplored area
unexplored area
.dark part of a room
.dark part of a room
.dark part of a room
.dark part of a room
.dark part of a room
unexplored area
unexplored area
unexplored area
unexplored area
wall
.dark part of a room
.dark part of a room
.dark part of a room
unexplored area
unexplored area
unexplored area
unexplored area
unexplored area
unexplored area
unexplored area
unexplored area
unexplored area
unexplored area
unexplored area
unexplored area
unexplored area
unexplored area
unexplored area
unexplored area
unexplored area
unexplored area
unexplored area
unexplored area
unexplored area
unexplored area
unexplored area
unexplored area
unexplored area
unexplored area
unexplored area
unexplored area
unexplored area
unexplored area
unexplored area
unexplored area
unexplored area
unexplored area
unexplored area
unexplored area
unexplored area
unexplored area
unexplored area
unexplored area
unexplored area
unexplored area
unexplored area
unexplored area
unexplored area
unexplored area
unexplored area
unexplored area
wall
.dark part of a room
.dark part of a room
.dark part of a room
.dark part of a room
.dark part of a room
.dark part of a room
.dark part of a room
.dark part of a room
.dark part of a room
.dark part of a room
.dark part of a room
.dark part of a room
.dark part of a room
.dark part of a room
wall
wall
unexplored area
.dark part of a room
.dark part of a room
.dark part of a room
.dark part of a room
%a giant beetle corpse
unexplored area
unexplored area
unexplored area
wall
wall
.dark part of a room
.dark part of a room
.dark part of a room
unexplored area
unexplored area
unexplored area
unexplored area
unexplored area
unexplored area
unexplored area
unexplored area
unexplored area
unexplored area
unexplored area
unexplored area
unexplored area
unexplored area
unexplored area
unexplored area
unexplored area
unexplored area
unexplored area
unexplored area
unexplored area
unexplored area
unexplored area
unexplored area
unexplored area
unexplored area
unexplored area
unexplored area
unexplored area
unexplored area
unexplored area
unexplored area
unexplored area
unexplored area
unexplored area
unexplored area
unexplored area
unexplored area
unexplored area
unexplored area
unexplored area
unexplored area
unexplored area
unexplored area
unexplored area
unexplored area
unexplored area
unexplored area
unexplored area
unexplored area
.dark part of a room
.dark part of a room
.dark part of a room
.dark part of a room
.dark part of a room
.dark part of a room
.dark part of a room
.dark part of a room
.dark part of a room
unexplored area
unexplored area
.dark part of a room
.dark part of a room
.dark part of a room
wall
wall
unexplored area
.dark part of a room
.dark part of a room
)a runed dagger
%Famine's corpse
unexplored area
unexplored area
wall
wall
.dark part of a room
.dark part of a room
.dark part of a room
.dark part of a room
unexplored area
unexplored area
unexplored area
unexplored area
unexplored area
unexplored area
unexplored area
unexplored area
unexplored area
unexplored area
unexplored area
unexplored area
unexplored area
unexplored area
unexplored area
unexplored area
unexplored area
unexplored area
unexplored area
unexplored area
unexplored area
unexplored area
unexplored area
unexplored area
unexplored area
unexplored area
unexplored area
unexplored area
unexplored area
unexplored area
unexplored area
unexplored area
unexplored area
unexplored area
unexplored area
unexplored area
unexplored area
unexplored area
unexplored area
unexplored area
unexplored area
unexplored area
unexplored area
unexplored area
unexplored area
unexplored area
unexplored area
unexplored area
unexplored area
unexplored area
unexplored area
.dark part of a room
.dark part of a room
.dark part of a room
.dark part of a room
.dark part of a room
.dark part of a room
.dark part of a room
unexplored area
unexplored area
unexplored area
unexplored area
.dark part of a room
.dark part of a room
.dark part of a room
wall
wall
wall
wall
%a giant beetle corpse
wall
wall
wall
wall
.dark part of a room
.dark part of a room
.dark part of a room
unexplored area
unexplored area
unexplored area
unexplored area
unexplored area
unexplored area
unexplored area
unexplored area
unexplored area
unexplored area
unexplored area
unexplored area
unexplored area
unexplored area
unexplored area
unexplored area
unexplored area
unexplored area
unexplored area
unexplored area
unexplored area
unexplored area
unexplored area
unexplored area
unexplored area
unexplored area
unexplored area
unexplored area
unexplored area
unexplored area
unexplored area
unexplored area
unexplored area
unexplored area
unexplored area
unexplored area
unexplored area
unexplored area
unexplored area
unexplored area
unexplored area
unexplored area
unexplored area
unexplored area
unexplored area
unexplored area
unexplored area
unexplored area
unexplored area
unexplored area
unexplored area
unexplored area
unexplored area
unexplored area
.dark part of a room
.dark part of a room
.dark part of a room
unexplored area
unexplored area
unexplored area
unexplored area
unexplored area
unexplored area
unexplored area
unexplored area
%a giant ant corpse
.dark part of a room
.dark part of a room
%a soldier ant corpse
.dark part of a room
.dark part of a room
%a giant ant corpse
.dark part of a room
.dark part of a room
)a runed arrow
.dark part of a room
.dark part of a room
.dark part of a room
unexplored area
unexplored area
unexplored area
unexplored area
unexplored area
unexplored area
unexplored area
unexplored area
unexplored area
unexplored area
unexplored area
unexplored area
unexplored area
unexplored area
unexplored area
unexplored area
unexplored area
unexplored area
unexplored area
unexplored area
unexplored area
unexplored area
unexplored area
unexplored area
unexplored area
unexplored area
unexplored area
unexplored area
unexplored area
unexplored area
unexplored area
unexplored area
unexplored area
unexplored area
unexplored area
unexplored area
unexplored area
unexplored area
unexplored area
unexplored area
unexplored area
unexplored area
unexplored area
unexplored area
unexplored area
unexplored area
unexplored area
unexplored area
unexplored area
unexplored area
unexplored area
unexplored area
unexplored area
unexplored area
unexplored area
unexplored area
unexplored area
unexplored area
unexplored area
unexplored area
unexplored area
unexplored area
unexplored area
unexplored area
unexplored area
unexplored area
unexplored area
wall
wall
wall
wall
wall
wall
wall
wall
wall
wall
wall
unexplored area
unexplored area
unexplored area
unexplored area
unexplored area
unexplored area
unexplored area
unexplored area
unexplored area
unexplored area
unexplored area
unexplored area
unexplored area
unexplored area
unexplored area
unexplored area
unexplored area
unexplored area
unexplored area
unexplored area
unexplored area
unexplored area
unexplored area
unexplored area
unexplored area
unexplored area
unexplored area
unexplored area
unexplored area
unexplored area
unexplored area
unexplored area
unexplored area
unexplored area
[Rustyspoon the Enchantress ] St:25 Dx:16 Co:16 In:25 Wi:25 Ch:16 Chaotic Astral Plane $:0 HP:206(268) Pw:240(240) AC:-27 Xp:17 T:40358

Latest messages:

The sleep ray whizzes by you!
The Angel of Moloch points at you, then curses.
The high priest intones:
"Pilgrim, you enter a sacred place!"
The Angel of Thoth swings his long sword at the giant beetle.
The Angel of Thoth hits the giant beetle.
The Angel of Thoth swings his long sword at the giant beetle.
The Angel of Thoth hits the giant beetle.
The Angel of Thoth hits the giant beetle.
The giant beetle is killed!
The Angel of Thoth zaps you with a magic missile!
The magic missile whizzes by you!
The magic missile bounces!
You hear a mumbled curse.
You hear a mumbled curse.
The Angel of Ptah wields a long sword!
"Dost thou wish to receive thy final blessing?"
The renegade Angel of Anhur points at you, then curses.
The Angel of Moloch points at you, then curses.
The high priest wields a mace!
"Hast thou considered masking thine odour?"
The Angel of Ptah zaps you with a magic missile!
The magic missile whizzes by you!
The magic missile bounces!
The renegade Angel of Anhur points at you, then curses.
The priest of Anhur wields a mace!
The Angel of Moloch points at you, then curses.
You hear a mumbled curse.
The renegade Angel of Anhur swings her long sword at the Angel of Thoth.
The renegade Angel of Anhur misses the Angel of Thoth.
The renegade Angel of Anhur swings her long sword at the Angel of Thoth.
The renegade Angel of Anhur hits the Angel of Thoth.
The renegade Angel of Anhur hits the Angel of Thoth.
The Angel of Moloch swings her long sword at it.
The Angel of Moloch hits it.
There is a high altar to Anhur (chaotic) here.
There is a high altar to Anhur (chaotic) here.
There is a high altar to Anhur (chaotic) here.
There is a high altar to Anhur (chaotic) here.
There is a high altar to Anhur (chaotic) here.
There is a high altar to Anhur (chaotic) here.
There is a high altar to Anhur (chaotic) here.
There is a high altar to Anhur (chaotic) here.
What do you want to sacrifice? [j or ?*]
You offer the Amulet of Yendor to Anhur...
An invisible choir sings, and you are bathed in radiance...
The voice of Anhur rings out: "Mortal, thou hast done well!"
"In return for thy service, I grant thee the gift of Immortality!"
You ascend to the status of Demigoddess...
Do you want your possessions identified? [ynq] (y)

Inventory:

Amulets

g - the blessed Eye of the Aethiopica
y - a cursed amulet of reflection (being worn)

Weapons

a - the blessed rustproof +6 Frost Brand (weapon in hand)
w - the blessed rustproof +5 Magicbane
P - an uncursed +0 athame named Lichbane

Armor

B - a cursed greased +5 blue dragon scale mail (being worn)
C - an uncursed fireproof +4 cloak of magic resistance (being worn)
D - an uncursed fireproof +0 pair of water walking boots (being worn)
E - a blessed rustproof +4 pair of gauntlets of power (being worn)
F - a blessed greased rustproof +5 helm of brilliance (being worn)

Comestibles

L - an uncursed partly eaten lizard corpse named KFC

Spellbooks

U - the uncursed Book of the Dead

Potions

S - a cursed potion of full healing

Rings

A - a blessed ring of conflict (on left hand)
O - a blessed ring of free action (on right hand)

Wands

d - an uncursed wand of teleportation (0:1)
z - an uncursed wand of digging (0:3)
H - an uncursed wand of fire (0:4)
N - an uncursed wand of digging (0:8)
R - an uncursed wand of death (0:3)
Z - an uncursed wand of teleportation (0:1)

Tools

b - a blessed bag of holding containing 80 items
e - an uncursed stethoscope
h - the uncursed Bell of Opening (0:0)
k - an uncursed skeleton key
m - the cursed Candelabrum of Invocation (0 of 7 candles attached)
s - a cursed oilskin sack named cancellation containing 2 items
t - a blessed blindfold
u - a blessed +0 unicorn horn

Gems/Stones

x - a blessed luckstone

Contents of the bag of holding:

8 gold pieces
an uncursed amulet of life saving
an uncursed amulet of life saving
an uncursed amulet of life saving
a blessed +1 dagger named +1
6 uncursed +0 daggers named +0
3 uncursed +0 elven daggers named +0
an uncursed +0 pair of levitation boots
an uncursed +0 pair of speed boots
an uncursed +0 oilskin cloak
an uncursed +0 mummy wrapping
10 uncursed food rations
an uncursed fortune cookie
an uncursed lizard corpse
an uncursed lizard corpse named MCD
a blessed scroll of scare monster
a blessed scroll of blank paper
30 uncursed scrolls of blank paper
a blessed scroll of charging
2 uncursed scrolls of create monster
2 uncursed scrolls of earth
a blessed scroll of fire
3 uncursed scrolls of fire
2 uncursed scrolls of identify
3 blessed scrolls of magic mapping
a blessed scroll of remove curse
an uncursed scroll of remove curse
a blessed spellbook of finger of death
an uncursed spellbook of identify
a blessed spellbook of magic mapping
an uncursed spellbook of magic missile
an uncursed spellbook of restore ability
2 uncursed diluted potions of extra healing
4 blessed diluted potions of full healing
an uncursed diluted potion of full healing
a blessed potion of full healing
a blessed potion of gain energy
an uncursed potion of healing
a blessed potion of levitation
an uncursed potion of paralysis
an uncursed potion of restore ability
17 potions of holy water
3 uncursed potions of water
4 potions of unholy water
an uncursed ring of conflict
an uncursed ring of conflict
a blessed ring of levitation
an uncursed ring of levitation
an uncursed ring of slow digestion
a blessed greased ring of teleport control
an uncursed ring of teleportation
an uncursed wand of cold (0:7)
an uncursed wand of cold (0:5)
an uncursed wand of cold (0:4)
an uncursed wand of cold (0:2)
an uncursed wand of digging (0:7)
an uncursed wand of digging (0:6)
an uncursed wand of digging (0:5)
an uncursed wand of digging (0:5)
an uncursed wand of digging (0:5)
an uncursed wand of digging (0:4)
an uncursed wand of digging (0:4)
an uncursed wand of digging (0:4)
an uncursed wand of digging (0:4)
an uncursed wand of digging (0:4)
a cursed wand of digging (0:7)
an uncursed wand of fire (0:7)
an uncursed wand of lightning (0:2)
an uncursed wand of lightning (0:1)
an uncursed wand of opening (0:6)
an uncursed wand of sleep (0:6)
an uncursed wand of sleep (0:5)
an uncursed wand of sleep (0:1)
an uncursed wand of teleportation (0:7)
an uncursed wand of teleportation (0:5)
an uncursed bugle
a blessed magic marker (1:34)
a blessed +6 pick-axe
2 uncursed wax candles
an uncursed amethyst stone

Contents of the oilskin sack named cancellation:

an uncursed wand of cancellation (0:6)
an uncursed wand of cancellation (0:5)

Rustyspoon the Wizard's attributes:


Background:

You were an Enchantress, a level 17 female elven Wizard.
You were chaotic, on a mission for Anhur
who was opposed by Ptah (lawful) and Thoth (neutral).
You were in the endgame, on the Astral Plane.
You entered the dungeon 40358 turns ago.
There was a full moon in effect when your adventure ended.
You had 670668 experience points, 609332 more were needed to attain level 18.

Basics:

You had 206 out of 268 hit points.
You had all 240 energy points (spell power).
Your armor class was -27.
Your wallet was empty.
Autopickup was off.

Final Characteristics:

Your strength was 25 (base:18, innate limit:18).
Your dexterity was 16 (peak:18, limit:18).
Your constitution was 16 (limit:16).
Your intelligence was 25 (base:20, innate limit:20).
Your wisdom was 25 (base:20, innate limit:20).
Your charisma was 16 (limit:18).

Final Status:

You were not hungry.
You were unencumbered.
You were wielding a long sword.
You had basic skill with long sword.

Final Attributes:

You were the Glory of Arioch.
You were piously aligned.
You were magic-protected.
You were fire resistant.
You were cold resistant.
Your items were protected from cold.
You were sleep resistant.
You were disintegration-resistant.
You were shock resistant.
Your items were protected from electric shocks.
You were poison resistant.
You saw invisible.
You were telepathic.
You were warned.
You had infravision.
You were invisible to others.
You caused conflict.
You could teleport.
You had teleport control.
You could walk on water.
You had a moderate defense bonus (+6).
You were warded.
You took half spell damage.
You were very fast.
You had reflection.
You had free action.
You were extremely lucky.
You had extra luck.
Good luck did not time out for you.
You survived.

Miscellaneous:
You never encountered a bones level.
Total elapsed playing time was 5 hours, 27 minutes and 55 seconds.

Major events:

Turn

1: rustyspoon the chaotic female elven Wizard entered the dungeon
1149: entered the Gnomish Mines
1160: attained the rank of Conjurer (level 3)
3486: attained the rank of Thaumaturge (level 6)
4402: reached Mine Town
7567: entered Sokoban
8310: completed 1st Sokoban level
8748: completed 2nd Sokoban level
9246: completed 3rd Sokoban level
9969: completed 4th Sokoban level
10043: attained the rank of Magician (level 10)
10546: acquired the Sokoban amulet of reflection
23334: made her first wish - "blessed greased +2 blue dragon scale mail", got "a greased blue dragon scale mail"
24001: was bestowed with Magicbane by Anhur
24682: was bestowed with Frost Brand by Anhur
24718: was chosen to take lives for the Glory of Anhur
24718: was bestowed with spellbook of finger of death
28476: killed Medusa
29180: wished for "uncursed magic marker", got "a magic marker"
29299: entered Gehennom
31415: wished for "blessed magic marker", got "a magic marker"
31538: wished for "blessed greased fixed +2 helm of brilliance", got "a greased crested helmet"
31601: wished for "blessed magic marker", got "a magic marker"
31959: attained the rank of Enchantress (level 14)
33056: killed the Dark One
33064: found the Eye of the Aethiopica on the floor
33064: acquired the Bell of Opening
34953: wished for "blessed greased fixed ring of teleport control", got "a greased jade ring"
35147: bribed Asmodeus with 70 zorkmids for safe passage
35700: killed Juiblex
35863: bribed Baalzebub with 22 zorkmids for safe passage
36509: destroyed Vlad the Impaler
36510: acquired the Candelabrum of Invocation
36681: killed Orcus
38488: killed the Wizard of Yendor
38494: acquired the Book of the Dead
38537: performed the invocation
38670: killed the invisible high priest of Moloch
38679: acquired The Amulet of Yendor
39532: killed the Wizard of Yendor (2nd time)
40077: entered the Elemental Planes
40077: entered Plane of Earth
40078: killed the Wizard of Yendor (3rd time)
40115: entered Plane of Air
40165: entered Plane of Fire
40175: entered Plane of Water
40279: entered the Astral Plane
40291: killed Famine
40315: killed Famine (2nd time)
40337: killed Pestilence
40358: ascended

Vanquished creatures:

Orcus
Juiblex
the Wizard of Yendor (thrice)
Pestilence
Famine (twice)
Vlad the Impaler
an arch-lich
a high cleric
a mastodon
Medusa
7 krakens
3 iron golems
5 master liches
a storm giant
a titan
2 glass golems
a balrog
8 purple worms
a gray dragon
a gold dragon
4 silver dragons
a red dragon
a white dragon
3 orange dragons
2 black dragons
3 blue dragons
a green dragon
4 yellow dragons
14 minotaurs
a jabberwock
the Dark One
8 baluchitheria
5 demiliches
a stone golem
4 Olog-hai
a Nazgul
4 pit fiends
a sandestin
a hell hound
3 displacer beasts
3 titanotheres
3 trappers
a baby white dragon
a baby yellow dragon
3 genetic engineers
4 disenchanters
27 vampire leaders
2 skeletons
4 aligned clerics
3 captains
5 shades
10 liches
3 clay golems
4 nurses
4 ice devils
4 nalfeshnees
4 lurkers above
2 Aleaxes
a frost giant
3 ettins
21 vampires
6 lieutenants
23 ghosts
a queen bee
5 winged gargoyles
6 mind flayers
8 giant mimics
3 long worms
3 zruties
5 fire giants
2 ogre tyrants
7 ice trolls
9 rock trolls
3 umber hulks
4 flesh golems
5 elven monarchs
2 doppelgangers
2 hezrous
7 bone devils
10 large mimics
2 wumpuses
a fire vortex
2 couatls
11 stalkers
4 air elementals
4 fire elementals
2 earth elementals
3 water elementals
2 hill giants
6 giant mummies
a black naga
18 xorns
11 giant zombies
10 sergeants
a water demon
3 barbed devils
4 vrocks
12 wargs
2 winter wolves
2 hell hound pups
15 small mimics
3 glass piercers
5 warhorses
3 steam vortices
10 xans
6 ettin mummies
2 ogre leaders
11 quantum mechanics
24 trolls
a sasquatch
4 wood golems
an erinys
a marilith
a djinni
5 sharks
an electric eel
3 gelatinous cubes
4 pyrolisks
a large dog
5 freezing spheres
5 flaming spheres
9 shocking spheres
2 large cats
4 tigers
6 gargoyles
a dwarf ruler
18 tengu
4 ochre jellies
4 leocrottas
3 mountain centaurs
4 elf mummies
2 human mummies
a red naga
3 green slimes
4 pythons
2 pit vipers
4 cobras
54 wraiths
2 carnivorous apes
12 ettin zombies
2 leather golems
a Grey-elf
45 soldiers
3 amorous demons
4 horned devils
6 chameleons
a crocodile
12 giant beetles
6 quivering blobs
11 cockatrices
2 wolves
8 winter wolf cubs
2 lynxes
a gremlin
16 leprechauns
4 orc-captains
3 iron piercers
6 mumakil
11 giant spiders
4 scorpions
5 horses
an ice vortex
7 black lights
52 vampire bats
2 forest centaurs
9 gnome rulers
an orc mummy
4 dwarf mummies
3 ogres
7 rust monsters
11 owlbears
6 yetis
6 gold golems
2 werewolves
a Green-elf
3 piranha
17 giant eels
7 lizards
6 chickatrices
a dingo
3 dogs
3 housecats
10 jaguars
3 dwarf leaders
2 white unicorns
a gray unicorn
7 dust vortices
15 ravens
5 plains centaurs
a gnome mummy
4 snakes
3 water moccasins
10 apes
18 human zombies
2 Woodland-elves
12 soldier ants
37 fire ants
19 bugbears
4 imps
a lemure
5 quasits
8 wood nymphs
5 water nymphs
a mountain nymph
14 Mordor orcs
11 Uruk-hai
7 orc shamans
12 rock piercers
4 rock moles
4 ponies
10 fog clouds
12 yellow lights
3 shriekers
4 violet fungi
27 gnome leaders
6 gnomish wizards
6 kobold mummies
5 gray oozes
2 barrow wights
30 elf zombies
10 ghouls
3 jellyfish
23 giant ants
a little dog
7 floating eyes
a kitten
28 dwarves
4 homunculi
2 kobold leaders
a kobold shaman
19 hill orcs
13 rothes
7 rabid rats
5 centipedes
8 giant bats
21 orc zombies
8 dwarf zombies
3 werejackals
7 iguanas
41 killer bees
3 acid blobs
7 coyotes
a gas spore
9 hobbits
9 manes
4 large kobolds
13 hobgoblins
5 giant rats
6 cave spiders
a brown mold
a yellow mold
2 green molds
3 red molds
63 gnomes
22 garter snakes
9 gnome zombies
11 geckos
11 jackals
3 kobolds
4 goblins
2 sewer rats
7 grid bugs
13 bats
7 lichens
14 kobold zombies
12 newts
1769 creatures vanquished.
No species were genocided or became extinct.

Voluntary challenges:

You read items or engraved 152 times.
You engraved Elbereth 15 times.
You never genocided any monsters.
You never polymorphed an object.
You never changed form.
You used 6 wishes.
You did not wish for any artifacts.
You did not violate any of the special Sokoban rules.

Achievements:

You entered the Gnomish Mines.
You attained the rank of Conjurer.
You entered a shop.
You attained the rank of Thaumaturge.
You entered Minetown.
You entered a temple.
You entered Sokoban.
You attained the rank of Magician.
You completed Sokoban.
You learned the tune to open and close the Castle's drawbridge.
You defeated Medusa.
You entered Gehennom.
You attained the rank of Enchantress.
You had the Bell of Opening.
You had the Candelabrum of Invocation.
You had the Book of the Dead.
You gained access to Moloch's Sanctum.
You reached the Elemental Planes.
You reached the Astral Plane.
You delivered the Amulet of Yendor.
You ascended!

The Elemental Planes:

   Astral Plane: <- You are here.
Some temples.
Plane of Water:
Plane of Fire:
Plane of Air:
Plane of Earth:

The Dungeons of Doom: levels 1 to 28

   Level 1:
One way stairs up to The Elemental Planes.
Level 2:
A fountain.
Level 3:
A fountain.
Stairs down to The Gnomish Mines.
Level 4:
Some fountains.
Level 5: "stash >"
An armor shop, a grave.
Level 6:
A sink, a grave.
Level 7:
A sink.
Level 8:
Oracle of Delphi.
Level 9:
Stairs up to Sokoban, level 8.
Level 10:
Some fountains.
Level 11:
A fountain, a sink, a grave.
Level 12:
Level 13:
A fountain, a sink.
Level 14:
Level 15:
A primitive area.
Portal to The Quest.
Level 16: "empty chest"
A grave.
Level 17:
Some fountains.
Level 18:
A general store, some graves.
Level 19:
An altar to Anhur.
Level 20:
A sink.
Level 21:
Some fountains.
Level 22:
An altar to Anhur, a grave.
Level 23:
A fountain, a sink.
Level 24:
A general store, some fountains.
Level 25: "black dragon"
A throne, a fountain.
Level 26:
Level 27:
Level 28:
A fountain.
The castle (play notes "EADCG" to open or close drawbridge).
Connection to Gehennom.

Gehennom: levels 29 to 50

   Level 29:
A temple, many graves.
Valley of the Dead.
Level 30:
Level 31:
Level 32:
Level 33:
Level 34:
Level 35:
Many fountains.
Level 36:
Level 37:
Level 38:
Level 39:
Level 40: "final stash _"
Some shops, an altar, many graves.
Stairs up to Vlad's Tower, level 39.
Level 41:
Level 42:
Level 43:
Level 44:
Level 45:
Level 46:
Level 47:
Level 48:
Level 49:
Level 50:
A temple, many graves.
Moloch's Sanctum.

The Gnomish Mines: levels 4 to 11

   Level 4:
Level 5:
Level 6: "stash _"
Many shops, a temple, some fountains, some trees.
Level 7:
Level 8:
Level 9:
Level 10:
Level 11: "polytrap"
A fountain.

The Quest: levels 1 to 5

   Level 1:
Completed quest for Neferet the Green.
Level 2: "backup holding, stash >"
Level 3:
Level 4:
Level 5:
A temple to Anhur.

Sokoban: levels 8 up to 5

   Level 5:
Solved.
Level 6:
Solved.
Level 7:
Solved.
Level 8:
Solved.

Vlad's Tower: levels 39 up to 37

   Level 37:
Level 38:
Level 39:

Goodbye rustyspoon the Demigoddess...


You went to your reward with 2105726 points,
Frost Brand (worth 3000 zorkmids and 7500 points)
The Eye of the Aethiopica (worth 4000 zorkmids and 10000 points)
The Bell of Opening (worth 5000 zorkmids and 12500 points)
The Candelabrum of Invocation (worth 5000 zorkmids and 12500 points)
Magicbane (worth 3500 zorkmids and 8750 points)
The Book of the Dead (worth 10000 zorkmids and 25000 points)
and 8 pieces of gold, after 40358 moves.
You were level 17 with a maximum of 268 hit points when you ascended.